 Dungeon Crawl Stone Soup version 0.25-a0-163-g00f8f0cddd (webtiles) character file.

Game seed: 7313456009975029025, levelgen mode: deterministic

47063 Gargoyl the Agent of Entropy (level 14, 0/113 (116) HPs)
             Began as a Centaur Abyssal Knight on Nov 22, 2019.
             Was a Priest of Lugonu.
             Succumbed to poison (dark miasma)
             ... on level 12 of the Dungeon.
             The game lasted 00:37:53 (33522 turns).

Gargoyl the Agent of Entropy (CeAK)                Turns: 33522, Time: 00:37:53

HP:   0/113 (116)   AC: 14    Str: 17    XL:     14   Next: 7%
MP:   21/22         EV:  7    Int: 11    God:    Lugonu [***...]
Gold: 968           SH:  3    Dex: 12    Spells: 13/13 levels left

rFire    + . .     SeeInvis .   x - +5 war axe (elec)
rCold    . . .     Gourm    .   a - +0 buckler
rNeg     . . .     Faith    .   l - +0 plate armour
rPois    .         Spirit   .   (helmet restricted)
rElec    .         Reflect  .   s - +1 cloak
rCorr    +         Harm     .   (no gloves)
MR       +....     Rnd*Tele +   (no barding)
Stlth    ..........             h - amulet of the acrobat
HPRegen  0.00/turn              A - +2 ring of evasion
MPRegen  0.18/turn              F - ring of resist corrosion

@: lethally poisoned (0 -> -105), mesmerised, non-regenerating, diseased,
slowed, heavily drained
A: large, claws 2, hooves 3, horns 1, deformed body, fire resistance 1, speed 2,
teleportitis 1, tough skin 3
a: Depart the Abyss, Bend Space, Banish, Renounce Religion


You were on level 12 of the Dungeon.
You worshipped Lugonu.
Lugonu was most pleased with you.
You were not hungry.

You visited 2 branches of the dungeon, and saw 18 of its levels.
You visited the Abyss 2 times.

You collected 1187 gold pieces.
You spent 219 gold pieces at shops.

Inventory:

Hand Weapons
 v - a +5 war axe of electrocution
 x - a +5 war axe of electrocution (weapon)
 z - the +8 hand axe of Ambiguity {antimagic, *Noise rPois Dex+10}
   (You found it on level 6 of the Lair of Beasts)

   It reduces the magical energy of the wielder, and disrupts the spells and
   magical abilities of those hit.
   Natural abilities and divine invocations are not affected.
   It affects your dexterity (+10).
   It protects you from poison.
   It may make noises in combat.
 K - the +2 whip of Inflation {vamp, +Inv rF+ rC+, unknown}
   (You found it on level 6 of the Lair of Beasts)

   It inflicts no extra harm, but heals its wielder when it wounds a living foe.
   It protects you from fire.
   It protects you from cold.
   It lets you turn invisible.
Missiles
 b - 11 boomerangs (quivered)
Armour
 a - a +0 buckler (worn)
 d - a +2 helmet
 l - a +0 plate armour (worn)
 s - a +1 cloak (worn)
Jewellery
 h - an amulet of the acrobat (around neck)
 j - an uncursed ring of see invisible {unknown}
 A - a +2 ring of evasion (left claw)
 F - a ring of resist corrosion (right claw)
 I - an uncursed amulet of regeneration {unknown}
Wands
 g - a wand of flame (39)
 k - a wand of random effects (51)
 n - a wand of polymorph (13)
 y - a wand of iceblast (20)
 D - a wand of disintegration (33)
 E - a wand of acid (16)
Scrolls
 e - 8 scrolls of teleportation
 f - 3 scrolls of identify
 m - 5 scrolls of magic mapping
 o - 14 scrolls of remove curse
 u - 2 scrolls of blinking
 w - a scroll of fog
Potions
 i - 2 potions of magic
 p - 6 potions of flight
 q - 6 potions of curing
 r - 4 potions of ambrosia
 t - 2 potions of haste
 B - a potion of agility
 C - a potion of berserk rage
 G - a potion of brilliance
Comestibles
 c - 24 rations


   Skills:
 + Level 8.7(6.9) Fighting
 + Level 11.5(9.6) Axes
 + Level 1.4(0.0) Throwing
 * Level 10.7(8.8) Armour
 * Level 7.5(5.7) Dodging
 + Level 2.1(0.6) Shields
 * Level 11.6(9.7) Invocations


You had 13 spell levels left.
You didn't know any spells.
Your spell library contained the following spells:

 Spells                   Type           Power        Failure   Level  Hunger
 Confusing Touch          Hex            #.....       100%        1    ##.....
 Magic Dart               Conj           #...         100%        1    ##.....
 Sandblast                Erth           #.....       100%        1    ##.....
 Summon Butterflies       Summ           #.......     100%        1    ##.....
 Blink                    Tloc           N/A          100%        2    ###....
 Call Imp                 Summ           #.......     100%        2    ###....
 Passwall                 Tmut/Erth      #.......     100%        2    ###....
 Searing Ray              Conj           #.....       100%        2    ###....
 Slow                     Hex            #.......     100%        2    ###....
 Call Canine Familiar     Summ           #.......     100%        3    ####...
 Confuse                  Hex            #.......     100%        3    ####...
 Conjure Flame            Conj/Fire      #.......     100%        3    ####...
 Dazzling Spray           Conj/Hex       #.....       100%        3    ####...
 Gell's Gravitas          Tloc           #.........   100%        3    ####...
 Mephitic Cloud           Conj/Pois/Air  #.......     100%        3    ####...
 Stone Arrow              Conj/Erth      #.....       100%        3    ####...
 Force Lance              Conj/Tloc      #.......     100%        4    #####..
 Fulminant Prism          Conj/Hex       #.........   100%        4    #####..
 Iskenderun's Mystic Bla  Conj           #.......     100%        4    #####..
 Petrify                  Tmut/Erth      #.......     100%        4    #####..
 Summon Ice Beast         Ice/Summ       #.......     100%        4    #####..
 Lee's Rapid Deconstruct  Erth           #.........   100%        5    ######.
 Metabolic Englaciation   Hex/Ice        #.........   100%        5    ######.
 Summon Mana Viper        Hex/Summ       #.......     100%        5    ######.
 Yara's Violent Unravell  Hex/Tmut       #.........   100%        5    ######.
 Summon Hydra             Summ           #.........   100%        7    #######


Dungeon Overview and Level Annotations

Branches:
Dungeon (12/15)            Temple (0/1) D:6            Lair (6/6) D:8
 Shoals (0/4) Lair:2       Spider (0/4) Lair:3        Slime (0/5) Lair:6
    Orc (0/2) D:12

Altars:
Dithmenos
Elyvilon
Fedhas
Gozag
Kikubaaqudgha
Makhleb
Nemelex Xobeh
Okawaru
Sif Muna
Uskayaw
Wu Jian
Yredelemnul
Zin
Jiyva

Shops:
D:4 [(=%?   D:6 *   D:10 :

Annotations:
D:12 1 runed translucent door
Abyss:1 Prince Ribbit; Sonja; Urug; flestrin's ghost, journeyman SpEn


Innate Abilities, Weirdness & Mutations

You have hooves in place of feet.
Armour fits poorly on your strangely shaped body.
You cover ground very quickly.
You have extremely tough skin. (AC +3)
You have very sharp fingernails.
You have a pair of small horns on your head.
Your flesh is heat resistant. (rF+)
You are occasionally teleported next to monsters.


Message History

You feel drained.
The merfolk avatar chants its luring song.
The merfolk impaler misses you.
You open the door.
You are engulfed in dark miasma.
You are lethally poisoned!
You feel your flesh rotting away!
You feel extremely sick.
The merfolk impaler completely misses you.
The merfolk impaler hits you from afar with a +0 trident of draining!!
You feel drained.
The merfolk avatar chants its luring song.
The merfolk impaler hits you from afar with a +0 trident of draining!
* * * LOW HITPOINT WARNING * * *
You feel drained.
* * * LOW HITPOINT WARNING * * *
Space bends around you!
You blink.
You are engulfed in dark miasma.
You are more poisoned.
You feel as though you will be slow longer.
* * * LOW HITPOINT WARNING * * *
You die...

# #...#### #........###...##
## #......# ########.##...##
.## #......# #.##...# ..##
##.....# #.##...# ...#
#.))...# #(#...##
...####)....# #(#...# #...#
#.)###### #####.#..##
#...###..###mm######.....)..#
##...##..#>+.≈§§@§'..########
#...#...#############
#...#.#.#### ##....#....#
#######...# #####


You could see a merfolk avatar and a merfolk impaler.

Vanquished Creatures
  Erolcha (D:11)
  Erica (D:8)
  2 catoblepae
  A two-headed ogre (D:9)
  4 death yaks
  A cyclops (D:12)
  2 ugly things
  Maurice (D:8)
  Psyche (D:8)
  A torpor snail (Lair:2)
  Joseph (D:8)
  3 black mambas
  5 elephants
  A centaur skeleton (D:12)
  12 spiny frogs
  7 komodo dragons
  A troll (D:10)
  A hornet (Lair:3)
  9 blink frogs
  8 dream sheep
  11 hippogriffs
  2 vampires
  3 wyverns
  2 wraiths
  27 yaks
  A hungry ghost (D:12)
  A basilisk (Lair:2)
  A steam dragon (D:10)
  2 vampire mosquitoes (D:9)
  An acid dragon (D:11)
  8 water moccasins
  10 porcupines
  A swamp drake (D:12)
  2 ice beasts (D:11)
  6 sky beasts
  8 black bears
  An eye of draining (D:12)
  7 orc warriors
  6 phantoms
  7 ogres
  20 wolves
  12 centaurs
  13 crocodiles
  7 big kobolds
  A spectral water moccasin (D:9)
  18 bullfrogs
  A wyvern zombie (D:11)
  A wyvern skeleton (D:7)
  6 scorpions
  11 wights
  6 killer bees (D:7)
  3 howler monkeys (D:9)
  9 electric eels
  7 crimson imps
  2 centaur zombies
  5 quasits
  3 bullfrog zombies
  9 hounds
  10 orc priests
  Crazy Yiuf (D:4)
  3 gnoll shamans
  13 orc wizards
  4 bullfrog skeletons
  Ijyb (D:4)
  3 iguanas
  7 worker ants
  A hound zombie (D:6)
  A hound skeleton (D:10)
  10 gnolls
  A worker ant zombie (D:11)
  11 adders
  A shadow imp (D:6)
  2 oozes
  2 adder skeletons
  6 worms
  A dart slug (D:1)
  5 leopard geckos
  73 orcs
  A ball python (D:2)
  4 giant cockroaches
  8 hobgoblins
  2 jackals (D:2)
  4 quokkas
  17 bats
  7 frilled lizards
  8 goblins
  47 kobolds
  2 leopard gecko skeletons
  A leopard gecko zombie (D:7)
  8 rats
  A bush (Lair:6)
  5 fungi
  3 plants
578 creatures vanquished.

Vanquished Creatures (collateral kills)
  3 blink frogs (Lair:6)
3 creatures vanquished.

Vanquished Creatures (others)
  5 hydras
  A death yak (Lair:5)
  An oklob plant (Lair:6)
  A spiny frog (Lair:3)
  A komodo dragon (Lair:1)
  A hornet (D:9)
  A porcupine (Lair:3)
  An orc warrior (D:6)
  2 electric eels
  8 fungi
  7 plants (Lair:6)
29 creatures vanquished.

Grand Total: 610 creatures vanquished

Notes
Turn   | Place    | Note
-------+----------+-------------------------------------------
     0 | Abyss:1  | Gargoyl the Centaur Abyssal Knight began the quest for the
                  | Orb.
     0 | Abyss:1  | Reached XP level 1. HP: 19/19 MP: 2/2
    67 | Abyss:1  | Noticed a large abomination
    90 | Abyss:1  | Noticed a large abomination
    97 | Abyss:1  | Noticed a wretched star
    99 | D:1      | Escaped the Abyss
   278 | D:1      | Reached XP level 2. HP: 17/26 MP: 3/3
   302 | D:1      | Reached * piety under Lugonu
   438 | D:1      | Reached skill level 1 in Dodging
   852 | D:1      | Reached XP level 3. HP: 28/31 MP: 4/4
  1194 | D:2      | Reached XP level 4. HP: 37/39 MP: 5/5
  1638 | D:3      | Reached ** piety under Lugonu
  1850 | D:3      | Found a faded altar of an unknown god.
  2013 | D:3      | Reached XP level 5. HP: 46/46 MP: 7/7
  2097 | D:3      | Found an ornate altar of the Wu Jian Council.
  2111 | D:3      | Found an iron altar of Okawaru.
  2621 | D:4      | Noticed Ijyb
  2637 | D:4      | Killed Ijyb
  2775 | D:4      | Found Qeruas's Armour Emporium.
  2827 | D:4      | Found Xoc Neos's Jewellery Shop.
  2851 | D:4      | Found a runed translucent door.
  2852 | D:4      | Noticed Crazy Yiuf
  2903 | D:4      | Found Sunis's Weapon Shop.
  2929 | D:4      | Noticed an ogre
  2947 | D:4      | Killed an ogre
  2947 | D:4      | Reached XP level 6. HP: 13/52 MP: 8/8
  3071 | D:4      | Reached *** piety under Lugonu
  3356 | D:4      | Found Ruaj's Food Shoppe.
  3570 | D:4      | Found Apnuss's Magic Scroll Emporium.
  3721 | D:4      | Killed Crazy Yiuf
  4075 | D:5      | Entered Level 5 of the Dungeon
  4114 | D:5      | Noticed a sky beast
  4129 | D:5      | Killed a sky beast
  4347 | D:5      | Reached XP level 7. HP: 49/58 MP: 9/9
  5036 | D:6      | Reached XP level 8. HP: 51/66 MP: 10/10
  5161 | D:6      | Found a glowing silver altar of Zin.
  5161 | D:6      | Found a blossoming altar of Fedhas.
  5161 | D:6      | Found a hide-covered altar of Uskayaw.
  5161 | D:6      | Found an ancient bone altar of Kikubaaqudgha.
  5855 | D:6      | Reached skill level 5 in Axes
  6061 | D:4      | Bought a +1 war axe of electrocution for 219 gold pieces
  6126 | D:6      | Reached **** piety under Lugonu
  6208 | D:6      | Found a staircase to the Ecumenical Temple.
  6249 | D:6      | Found Lamissun's General Store.
  6338 | D:6      | Found a basalt altar of Yredelemnul.
  6342 | D:6      | Found a white marble altar of Elyvilon.
  6467 | D:7      | Reached skill level 5 in Invocations
  6665 | D:7      | Reached XP level 9. HP: 73/73 MP: 12/12
  7025 | D:7      | Reached skill level 5 in Fighting
  7026 | D:7      | Reached skill level 5 in Armour
  7147 | D:7      | HP: 1/74 [wyvern skeleton (9)]
  7154 | D:7      | Reached ***** piety under Lugonu
  8379 | D:7      | Found a burning altar of Makhleb.
  8493 | D:8      | Noticed Erica
  8745 | D:8      | Noticed Prince Ribbit
  8750 | D:8      | Killed Erica
  8750 | D:8      | Reached XP level 10. HP: 74/81 MP: 13/15
  8773 | D:8      | Banished Prince Ribbit
  8996 | D:8      | Found a shadowy altar of Dithmenos.
  9007 | D:8      | HP: 4/81 [orc warrior/+0 broad axe (23)]
  9988 | D:8      | Found a staircase to the Lair.
 10094 | D:8      | Noticed Maurice
 10100 | D:8      | Killed Maurice
 10440 | D:8      | Noticed Psyche
 10447 | D:8      | Killed Psyche
 10783 | D:8      | Reached skill level 1 in Shields
 10835 | D:8      | Noticed Joseph
 10851 | D:8      | Killed Joseph
 11295 | D:9      | Noticed a two-headed ogre
 11314 | D:9      | Killed a two-headed ogre
 11314 | D:9      | Reached XP level 11. HP: 19/90 MP: 16/16
 11640 | D:9      | Reached skill level 5 in Dodging
 12796 | D:9      | Found a transporter.
 12796 | D:9      | Noticed flestrin's ghost (journeyman SpEn)
 12806 | D:9      | Found a transporter.
 13236 | D:9      | Gained mutation: You are dopey. (Int -2) [potion of
                  | mutation]
 13236 | D:9      | Gained mutation: You are robust. (+10% HP) [potion of
                  | mutation]
 13236 | D:9      | Gained mutation: You expend magic power (3 MP) to
                  | strengthen your wands. [potion of mutation]
 13239 | D:9      | Lost mutation: You are dopey. (Int -2) [potion of mutation]
 13239 | D:9      | Lost mutation: You expend magic power (3 MP) to strengthen
                  | your wands. [potion of mutation]
 13239 | D:9      | Lost mutation: You are robust. (+10% HP) [potion of
                  | mutation]
 13239 | D:9      | Gained mutation: You do not regenerate when monsters are
                  | visible. [potion of mutation]
 13239 | D:9      | Gained mutation: You possess an exceptional clarity of
                  | mind. [potion of mutation]
 13239 | D:9      | Gained mutation: You are occasionally teleported next to
                  | monsters. [potion of mutation]
 13239 | D:9      | Gained mutation: You expend magic power (3 MP) to
                  | strengthen your wands. [potion of mutation]
 13285 | D:9      | Banished flestrin's ghost
 13653 | D:9      | Found a shimmering blue altar of Sif Muna.
 13785 | D:9      | Lost mutation: You expend magic power (3 MP) to strengthen
                  | your wands. [potion of mutation]
 13785 | D:9      | Lost mutation: You possess an exceptional clarity of mind.
                  | [potion of mutation]
 13785 | D:9      | Gained mutation: You have sharp fingernails. [potion of
                  | mutation]
 13785 | D:9      | Gained mutation: You have a pair of small horns on your
                  | head. [potion of mutation]
 13815 | D:10     | Entered Level 10 of the Dungeon
 14762 | D:10     | Found a sparkling altar of Nemelex Xobeh.
 15169 | D:10     | Noticed Sonja
 15179 | D:10     | Cast into level 1 of the Abyss (Sonja)
 15286 | D:10     | Escaped the Abyss
 15596 | D:10     | Found Uddalab's Book Emporium.
 18639 | D:11     | Noticed a purple ugly thing
 18656 | D:11     | Killed a purple ugly thing
 18943 | D:11     | Reached XP level 12. HP: 86/97 MP: 18/18
 19607 | D:11     | Lost mutation: You do not regenerate when monsters are
                  | visible. [potion of mutation]
 19607 | D:11     | Gained mutation: You have very sharp fingernails. [potion
                  | of mutation]
 19607 | D:11     | Gained mutation: Your flesh is heat resistant. (rF+)
                  | [potion of mutation]
 19927 | D:11     | Noticed Erolcha
 19942 | D:11     | Killed Erolcha
 19942 | D:11     | Reached skill level 10 in Axes
 20577 | D:10     | Banished Sonja
 20773 | Lair:1   | Entered Level 1 of the Lair of Beasts
 20808 | Lair:1   | Noticed a five-headed hydra
 20810 | Lair:1   | Banished a five-headed hydra
 22427 | Lair:2   | Noticed Urug
 22434 | Lair:2   | Reached skill level 1 in Throwing
 22435 | Lair:2   | Banished Urug
 22826 | Lair:2   | Noticed a six-headed hydra
 22828 | Lair:2   | Banished a six-headed hydra
 22831 | Lair:2   | Found a staircase to the Shoals.
 23604 | Lair:3   | Reached skill level 10 in Invocations
 24286 | Lair:3   | Reached XP level 13. HP: 38/107 MP: 20/20
 24859 | Lair:3   | Found a hole to the Spider Nest.
 27500 | Lair:5   | You fall into a shaft and drop 1 floor!
 27500 | Lair:6   | Entered Level 6 of the Lair of Beasts
 27678 | Lair:6   | Reached skill level 10 in Armour
 29175 | Lair:6   | Found a staircase to the Slime Pits.
 29175 | Lair:6   | Found a viscous altar of Jiyva.
 31422 | Lair:6   | Got a dazzling hand axe
 31423 | Lair:6   | Identified the +8 hand axe of Ambiguity {antimagic, *Noise
                  | rPois Dex+10} (You found it on level 6 of the Lair of
                  | Beasts)
 31859 | Lair:6   | Got a crude whip
 32253 | D:12     | Found an opulent altar of Gozag.
 32277 | D:12     | Found a runed translucent door.
 32539 | D:12     | Reached XP level 14. HP: 78/116 MP: 22/22
 32695 | D:12     | Found a staircase to the Orcish Mines.
 32864 | D:12     | Found a runed translucent door.
 33470 | D:12     | Found a runed translucent door.
 33522 | D:12     | Succumbed to poison (dark miasma)

Levels and vault maps discovered:
D:1:      dpeg_arrival_leaves_temple_mockup, layout_basic
D:2:      layout_rooms, first_ration
D:3:      layout_loops_ring, okawaru_ov_weapons_minmay,
          nicolae_overflow_crystal_walls, chequers_ecumenical_altar_island
D:4:      layout_cave_pods, serial_shops, shop_fountains,
          nicolae_shop_behind_doors, nicolae_shop_waterfront,
          nicolae_shop_trees, nicolae_shop_crystal, uniq_crazy_yiuf_cottage,
          uniq_ijyb
D:5:      layout_basic
D:6:      cheibrodos_thug_alley, layout_cave_pools, minmay_overflow_temple_hex,
          minmay_temple_entry_hall, serial_shops, nicolae_shop_stone,
          minivault_22
D:7:      layout_basic, marbit_many_paths, grunt_ogre_cave
D:8:      layout_loops_ring, grunt_dithmenos_smoke, due_lair_maze_entry_diamond,
          uniq_psyche, uniq_joseph, uniq_prince_ribbit1, uniq_erica,
          uniq_maurice
D:9:      layout_small_grid, lemuel_coloured_pillars_altar,
          gammafunk_ghost_mausoleum, kennysheep_crisscross
D:10:     erik_rubicon_b, layout_basic, serial_shops,
          nicolae_shop_competitors_out_of_business, basic_altar,
          minmay_tree_intersection, uniq_sonja
D:11:     layout_basic, uniq_erolcha
D:12:     layout_rooms, erik_orc_1, basic_altar,
          portal_ice_cave_entry_pillars_1, serial_curves, eino_curves_04,
          eino_curves_01, eino_curves_03, eino_curves_04, mikee_hates_you
Lair:1:   layout_long_grid, chequers_serial_rivers_small_a, grunt_megastairs_2
Lair:2:   layout_misc_corridors, minmay_shoals_entry_centaurs,
          grunt_megastairs_3, uniq_urug
Lair:3:   layout_gridlike, nicolae_spider_entry_non_spiders, beast_lair_carwin_8
Lair:4:   layout_cave_pods, infiniplex_staircase_pool
Lair:5:   layout_long_grid, serial_bayou_shore_a, infiniplex_staircase_pool_2,
          grunt_megastairs_4
Lair:6:   grunt_lair_end_beastmaster, layout_regular_city, slime_altar_1,
          chequers_serial_rivers_small_b, hangedman_lair_unloving_vines,
          minmay_lair_oklob_items

Skill      XL: |  1  2  3  4  5  6  7  8  9 10 11 12 13 |
---------------+----------------------------------------+-----
Dodging        | 1 2 3 4 5 6 7 |  7.5
Axes           | 2 3 4 6 7 8 9 10 11 | 11.5
Armour         | 2 3 4 6 7 8 9 10 | 10.7
Invocations    | 3 5 6 7 9 10 11 | 11.6
Fighting       | 4 5 6 7 8 |  8.7
Shields        | 1 2 |  2.1
Throwing       | 1 |  1.4

Action                   |  1- 3 |  4- 6 |  7- 9 | 10-12 | 13-15 || total
-------------------------+-------+-------+-------+-------+-------++-------
Melee: Hand axe          |    96 |   155 |       |       |    44 ||   295
       Kick              |    10 |    37 |    72 |   193 |   142 ||   454
       War axe           |       |    44 |   308 |   880 |   375 ||  1607
       Headbutt          |       |       |       |    87 |   101 ||   188
Throw: Boomerang         |       |     3 |     3 |    13 |       ||    19
Invok: Depart the Abyss  |     1 |       |       |     1 |       ||     2
       Banish            |       |       |     1 |    13 |    19 ||    33
       Bend Space        |       |       |       |     1 |     1 ||     2
Evoke: Wand              |       |     1 |       |     4 |       ||     5
  Use: Potion            |     2 |     2 |     6 |    11 |     2 ||    23
       Scroll            |     5 |     5 |     5 |    11 |     8 ||    34
 Stab: Invisible         |       |       |     5 |       |       ||     5
       Petrified         |       |       |       |       |     6 ||     6
  Eat: Chunk             |       |     6 |     5 |    26 |    14 ||    51
       Ration            |       |     1 |     2 |     7 |     5 ||    15
Armor: Leather armour    |    38 |       |       |       |       ||    38
       Chain mail        |    13 |   123 |   220 |    87 |       ||   443
       Skin              |       |       |    37 |       |       ||    37
       Plate armour      |       |       |       |   517 |   176 ||   693
Dodge: Dodged            |    75 |    75 |   144 |   298 |   177 ||   769
Block: Buckler           |       |       |     8 |   136 |    44 ||   188

Table legend:
 A = Non-vault XP
 B = Vault XP
 C = Vault XP percentage of total XP
 D = Non-vault monster count
 E = Vault monster count
 F = Vault count percentage of total count
                 A         B        C        D         E       F
            +---------+---------+-------+---------+---------+-------
      Total |   46335 |   20899 |  31.1 |     489 |     102 |  17.3
            +---------+---------+-------+---------+---------+-------
        D:1 |      46 |       0 |   0.0 |      26 |       0 |   0.0
        D:2 |      74 |       0 |   0.0 |      25 |       0 |   0.0
        D:3 |     124 |       0 |   0.0 |      28 |       0 |   0.0
        D:4 |     195 |      78 |  28.6 |      16 |       2 |  11.1
        D:5 |     899 |       0 |   0.0 |      23 |       0 |   0.0
        D:6 |     673 |     211 |  23.9 |      24 |      11 |  31.4
        D:7 |    2267 |     259 |  10.3 |      46 |       3 |   6.1
        D:8 |    2218 |    3553 |  61.6 |      40 |      14 |  25.9
        D:9 |    3237 |    1573 |  32.7 |      40 |       8 |  16.7
       D:10 |    5171 |     398 |   7.1 |      47 |       1 |   2.1
       D:11 |    4123 |    1042 |  20.2 |      49 |       1 |   2.0
       D:12 |    2845 |     585 |  17.1 |      19 |      17 |  47.2
     Lair:1 |    1402 |     702 |  33.4 |       5 |       3 |  37.5
     Lair:2 |    3602 |    1259 |  25.9 |      14 |       5 |  26.3
     Lair:3 |    5272 |    1609 |  23.4 |      28 |      15 |  34.9
     Lair:4 |    1709 |     350 |  17.0 |      11 |       1 |   8.3
     Lair:5 |    3101 |    3213 |  50.9 |      14 |       5 |  26.3
     Lair:6 |    9377 |    6067 |  39.3 |      34 |      16 |  32.0
            +---------+---------+-------+---------+---------+-------
